 Dungeon Crawl Stone Soup version 0.21.1-1-g345015f (webtiles) character file.

1885 timruff the Grappler (level 8, 0/78 (79) HPs)
             Began as a Troll Berserker on July 22, 2018.
             Was a Priest of Trog.
             Killed from afar by an orc wizard (8 damage)
             ... with a puff of flame
             ... on level 8 of the Dungeon on July 23, 2018.
             The game lasted 00:25:43 (6425 turns).

timruff the Grappler (Troll Berserker)              Turns: 6425, Time: 00:25:43

HP:   0/78 (79)     AC:  5    Str: 27      XL:     8   Next: 92%
MP:   7/7           EV: 10    Int:  3      God:    Trog [***...]
Gold: 202           SH:  0    Dex:  4 (10) Spells: 7/7 levels left

rFire    . . .     SeeInvis .     - Unarmed
rCold    . . .     Gourm    +   (no shield)
rNeg     . . .     Faith    .   a - +0 animal skin
rPois    .         Spirit   .   (helmet restricted)
rElec    .         Reflect  .   (no cloak)
rCorr    .         Harm     .   (gloves unavailable)
MR       ++...                  (boots unavailable)
Stlth    +.........             (no amulet)
HPRegen  1.63/turn              (no ring)
MPRegen  0.10/turn              (no ring)

@: lethally poisoned (0 -> 0), berserk cooldown, regenerating, slowed, very slow
A: large, unfitting armour, claws 3, fast metabolism 3, gourmand, regeneration
1, shaggy fur 1, tough skin 2
a: Berserk, Trog's Hand, Burn Spellbooks, Renounce Religion


You were on level 8 of the Dungeon.
You worshipped Trog.
Trog was most pleased with you.
You were full.

You visited 1 branch of the dungeon, and saw 8 of its levels.

You collected 202 gold pieces.

Inventory:

Missiles
 p - 17 arrows
Armour
 a - a +0 animal skin (worn)
Jewellery
 o - an uncursed amulet of magic regeneration {unknown}
Scrolls
 d - a scroll of enchant weapon
 f - 4 scrolls of amnesia
 g - 3 scrolls of identify
 i - 3 scrolls of teleportation
 k - 3 scrolls of enchant armour {unknown}
 m - a scroll of magic mapping
 n - a scroll of immolation {unknown}
 q - a scroll of remove curse {unknown}
Potions
 c - 2 potions of flight
 e - 2 potions of might
 h - a potion of mutation
 j - 2 potions of berserk rage
 l - 3 potions of degeneration {unknown}
Comestibles
 b - 6 rations


   Skills:
 + Level 4.9 Fighting
 + Level 5.8 Dodging
 + Level 1.6 Stealth
 + Level 8.3 Unarmed Combat


You had 7 spell levels left.
You didn't know any spells.

Dungeon Overview and Level Annotations

Branches:
Dungeon (8/15)             Temple (0/1) D:6
   Lair: D:8-11

Altars:
Ashenzari
Dithmenos
Elyvilon
Gozag
Hepliaklqana
Nemelex Xobeh
Okawaru
Qazlal
Trog
Uskayaw
Vehumet
Xom
Zin

Shops:
D:4 *


Innate Abilities, Weirdness & Mutations

You are too large for most types of armour.
You have claws for hands.
Your metabolism is lightning-fast.
You like to eat raw meat.
Your natural rate of healing is unusually fast.
You are covered in fur. (AC +1)
You have very tough skin. (AC +2)


Message History

* * * LOW HITPOINT WARNING * * *
You claw the orc!
You kill the orc!
Trog accepts your kill.
You feel the effects of Trog's Hand fading.
You feel sick. Something hits you but does no damage.
You feel sick. Something hits you.
* * * LOW HITPOINT WARNING * * *
Items here: ( )) [[ † Your skin crawls.
You feel resistant to hostile enchantments.
You feel somewhat less full.
You feel sick. Something hits you but does no damage.
You feel sick. Something hits you but does no damage.
You see here a dagger.
You claw something!
You feel sick.
You hear some strange, mumbled words.
A puff of flame appears from out of thin air!
The puff of flame hits you!
You die...

## . ## .#
#...########.#
.......).....#
..........)#.#
.....#####)# #...
#)# y.. #@# ## #.#
#.# .#
#..#.####.#######.##
#........(.........
#.##.###.########..
#.......##.#
#######.##.# #.##.#


There were no monsters in sight!

Vanquished Creatures
  The ghost of Ymberto the Skirmisher, a novice HuHu (D:5)
  A hippogriff (D:7)
  2 ice beasts
  A sky beast (D:5)
  A necrophage (D:7)
  An ogre (D:8)
  A scorpion (D:4)
  5 killer bees (D:8)
  3 crimson imps (D:6)
  A quasit (D:5)
  4 orc priests
  A bullfrog skeleton (D:6)
  A centaur skeleton (D:6)
  An orc wizard (D:6)
  An iguana (D:4)
  2 worker ants
  A killer bee zombie (D:5)
  A howler monkey skeleton (D:6)
  7 adders
  3 shadow imps
  An ooze (D:6)
  2 adder skeletons
  5 worms
  7 leopard geckos
  19 orcs
  5 bats
  7 giant cockroaches
  8 goblins
  8 hobgoblins
  2 jackals (D:3)
  3 quokkas
  3 ball pythons
  2 frilled lizards
  A goblin zombie (D:5)
  13 kobolds
  An orc zombie (D:5)
  A quokka skeleton (D:4)
  14 rats
  A fungus (D:1)
142 creatures vanquished.

Vanquished Creatures (others)
  An orc wizard (D:8)
1 creature vanquished.

Grand Total: 143 creatures vanquished

Notes
Turn   | Place    | Note
-------+----------+-------------------------------------------
     0 | D:1      | timruff the Troll Berserker began the quest for the Orb.
     0 | D:1      | Reached XP level 1. HP: 22/22 MP: 0/0
   106 | D:1      | You fall through a shaft!
   242 | D:2      | Reached XP level 2. HP: 23/29 MP: 1/1
   479 | D:2      | Found a bloodstained altar of Trog.
   808 | D:1      | Reached XP level 3. HP: 36/36 MP: 2/2
   819 | D:1      | Reached ** piety under Trog
  1261 | D:1      | Reached skill level 4 in Unarmed Combat
  1628 | D:3      | Reached XP level 4. HP: 31/44 MP: 3/3
  1908 | D:3      | Found a shattered altar of Ashenzari.
  1985 | D:3      | Reached *** piety under Trog
  2555 | D:3      | You fall through a shaft for 3 floors!
  2562 | D:6      | Found a hide-covered altar of Uskayaw.
  2569 | D:6      | Reached XP level 5. HP: 41/52 MP: 4/4
  2640 | D:6      | Found a staircase to the Ecumenical Temple.
  2674 | D:6      | Reached skill level 5 in Unarmed Combat
  2795 | D:6      | Reached XP level 6. HP: 58/61 MP: 5/5
  2880 | D:6      | Found a shimmering altar of Xom.
  2891 | D:6      | Found a shadowy altar of Dithmenos.
  3026 | D:6      | Found a stormy altar of Qazlal.
  3027 | D:6      | Found an iron altar of Okawaru.
  3028 | D:6      | Found a radiant altar of Vehumet.
  3139 | D:6      | Found a glowing silver altar of Zin.
  3143 | D:6      | Reached skill level 6 in Unarmed Combat
  3186 | D:5      | Entered Level 5 of the Dungeon
  3209 | D:5      | Found a stormy altar of Qazlal.
  3231 | D:5      | Noticed Ymberto's ghost (novice HuHu)
  3278 | D:5      | HP: 1/61 [Ymberto's ghost (12)]
  3279 | D:5      | Killed Ymberto's ghost
  3279 | D:5      | Reached XP level 7. HP: 1/67 MP: 6/6
  3306 | D:5      | Lost dexterity.
  4126 | D:5      | Found a hazy altar of Hepliaklqana.
  4396 | D:4      | Found Huasuur's Assorted Antiques.
  4685 | D:4      | HP: 4/105 [iguana (6)]
  4686 | D:4      | Reached XP level 8. HP: 4/78 MP: 7/7
  4808 | D:4      | Reached skill level 7 in Unarmed Combat
  5069 | D:7      | Noticed a hippogriff
  5079 | D:7      | Killed a hippogriff
  5079 | D:7      | Reached skill level 5 in Dodging
  5079 | D:7      | Reached skill level 1 in Stealth
  5446 | D:7      | Found an opulent altar of Gozag.
  5447 | D:7      | Found a sparkling altar of Nemelex Xobeh.
  5664 | D:7      | Found a white marble altar of Elyvilon.
  6400 | D:8      | Reached skill level 8 in Unarmed Combat
  6425 | D:8      | Killed from afar by an orc wizard

Skill      XL: |  1  2  3  4  5  6  7  8 |
---------------+-------------------------+-----
Dodging        | 3 4 5 |  5.8
Unarmed Combat | 4 5 6 8 |  8.3
Fighting       | 3 4 |  4.9
Stealth        | 1 |  1.6

Action                   |  1- 3 |  4- 6 |  7- 9 || total
-------------------------+-------+-------+-------++-------
Melee: Unarmed           |   143 |   144 |   139 ||   426
       Punch             |     2 |     1 |     2 ||     5
Invok: Berserk           |     1 |     2 |     7 ||    10
       Trog's Hand       |       |     3 |     7 ||    10
       Burn Spellbooks   |       |     1 |     3 ||     4
  Use: Potion            |       |     4 |     3 ||     7
       Scroll            |       |     4 |     1 ||     5
 Stab: Sleeping          |     1 |     1 |       ||     2
  Eat: Chunk             |    17 |    17 |    17 ||    51
       Ration            |       |       |    10 ||    10
Armor: Animal skin       |    64 |    96 |   148 ||   308
Dodge: Dodged            |    63 |   108 |    81 ||   252
